 Dungeon Crawl Stone Soup version 0.26-a0-466-g989023bd0d (webtiles) character file.

Game seed: 3749698561683017405

158 graki42 the Conjurer (level 5, 29/29 HPs)
             Began as a Deep Elf Conjurer on Aug 5, 2020.
             Was a Follower of Trog.
             Quit the game on level 3 of the Dungeon.
             The game lasted 00:07:44 (2720 turns).

graki42 the Conjurer (Deep Elf Conjurer)            Turns: 2720, Time: 00:07:44

Health: 29/29      AC:  3    Str:  5    XL:     5   Next: 16%
Magic:  13/13      EV: 13    Int: 23    God:    Trog [*.....]
Gold:   159        SH:  0    Dex: 13    Spells: 6/12 levels left

rFire    . . .     SeeInvis .   f - +0 short sword
rCold    + . .     Faith    .   (no shield)
rNeg     . . .     Spirit   .   a - +0 robe
rPois    .         Reflect  .   c - +0 helmet
rElec    .         Harm     .   (no cloak)
rCorr    .                      (no gloves)
MR       .....                  (no boots)
Stlth    ++........             (no amulet)
HPRegen  0.09/turn              e - ring of protection from cold
MPRegen  0.13/turn              (no ring)

@: no status effects
A: no striking features
a: Berserk, Renounce Religion


You were on level 3 of the Dungeon.
You worshipped Trog.
Trog was aware of your devotion.
You visited 1 branch of the dungeon, and saw 4 of its levels.

You collected 159 gold pieces.

Inventory:

Hand Weapons
 f - a +0 short sword (weapon)
Armour
 a - a +0 robe (worn)
 c - a +0 helmet (worn)
Jewellery
 e - a ring of protection from cold (left hand)
Scrolls
 b - a scroll of magic mapping {unknown}
 d - a scroll of amnesia {unknown}
 g - 4 scrolls of identify {unknown}
 h - a scroll of teleportation {unknown}
 j - a scroll of blinking {unknown}
 l - a scroll of enchant weapon {unknown}
 m - a scroll of immolation {unknown}
 n - 2 scrolls of remove curse {unknown}
 o - a scroll of fear {unknown}
Potions
 i - a potion of resistance {unknown}
 k - a potion of haste {unknown}


   Skills:
 + Level 1.3 Fighting
 + Level 1.4 Short Blades
 + Level 3.4 Dodging
 + Level 3.6 Stealth
 - Level 4.1 Spellcasting
 - Level 4.9 Conjurations


You had 6 spell levels left.
You knew the following spells:

 Your Spells              Type           Power        Failure   Level
a - Magic Dart            Conj           ####         1%          1
b - Searing Ray           Conj           ####..       1%          2
c - Dazzling Flash        Conj/Hex       ###...       11%         3

Your spell library contained the following spells:

 Spells                   Type           Power        Failure   Level
 Fulminant Prism          Conj/Hex       ###.......   36%         4
 Iskenderun's Mystic Bla  Conj/Tloc      ###.....     36%         4


Dungeon Overview and Level Annotations

Branches:
Dungeon (4/15)
 Temple: D:4-7

Altars:
Trog


Message History

Trog welcomes you!
You can now go berserk at will.
There is a stone staircase leading up here.
Things that are here:
a +0 leather armour; an orc skeleton
Things that are here:
a +0 club; an orc skeleton An orc comes into view.
It is wielding a +0 dagger.
The orc shouts!
You hear a shout! x2
Casting: Magic Dart (safe; 1% risk of failure)
Confirm with . or Enter, or press ? or * to list all spells.
Casting this spell will place you under penance.
Really cast?
Okay, then.
Casting: Magic Dart (safe; 1% risk of failure)
Confirm with . or Enter, or press ? or * to list all spells.
Casting this spell will place you under penance.
Really cast? [Y]es or [N]o only, please.
Casting this spell will place you under penance.
Really cast?
Okay, then.
Are you sure you want to abandon this character and quit the game? (Confirm with "yes".)

..>...#..#...............
#######..#....##########†
#.##.....#....+..#
#.##.....#....##.#####
#.##....†#....([)(...#
#.########.#..(#).######
#........#.#####........
.[).................####
########.#.#####@.......
#.#.# #....#... #.#.#
#......## #.#.# #.......#
#.#÷### #....#... #
###...# #.##o# 8. #8##
#...# ... .# . ...8 #...#
..# .. .... #...#


You could see an orc.

Vanquished Creatures
  An orc wizard (D:3)
  2 adders
  4 gnolls (D:3)
  An ooze (D:3)
  2 worms
  2 dart slugs
  3 leopard geckos
  6 orcs (D:3)
  A giant cockroach (D:2)
  7 goblins
  2 hobgoblins
  A quokka (D:3)
  3 bats (D:1)
  2 frilled lizards
  12 kobolds
  5 rats
54 creatures vanquished.

Notes
Turn   | Place    | Note
-------+----------+-------------------------------------------
     0 | D:1      | graki42 the Deep Elf Conjurer began the quest for the Orb.
     0 | D:1      | Reached XP level 1. HP: 10/10 MP: 6/6
   326 | D:1      | Reached XP level 2. HP: 16/16 MP: 2/8
   330 | D:1      | Learned a level 2 spell: Searing Ray
  1140 | D:2      | Reached XP level 3. HP: 12/20 MP: 6/9
  1571 | D:2      | You fall into a shaft and drop 2 floors!
  1750 | D:3      | Reached skill level 1 in Fighting
  1778 | D:3      | Reached XP level 4. HP: 25/25 MP: 8/11
  1782 | D:3      | Reached skill level 1 in Short Blades
  2070 | D:3      | Learned a level 3 spell: Dazzling Flash
  2074 | D:3      | Reached XP level 5. HP: 29/29 MP: 8/13
  2593 | D:3      | Found a bloodstained altar of Trog.
  2656 | D:3      | Found a faded altar of an unknown god.
  2663 | D:3      | Became a worshipper of Trog the Wrathful
  2663 | D:3      | Reached * piety under Trog
  2720 | D:3      | Quit the game

Illustrated notes

Levels and vault maps discovered:
D:1:      dpeg_chamrin_arrival_tetris, layout_loops_corners,
          minmay_misc_feat_enclosed
D:2:      layout_loops_ring
D:3:      layout_basic, nicolae_overflow_hidden_temple,
          cheibrodos_ashenzari_chains, chequers_ecumenical_altar_simple_redux,
          grunt_ministairs_3, mrwooster_statue_mirror, uniq_jessica
D:4:      layout_rooms, led_sif_pool, old_standard_altar,
          serial_co_window_serial, co_window_paths_a, co_window_paths_b,
          co_window_paths_b, co_window_cross_1, co_window_paths_a,
          co_window_2corner, co_window_cross_4, co_window_of_opportunity_b,
          co_window_2corner, co_window_4corner_a, glass_columns_a,
          glass_columns_b, serial_shops, shop_statue

Skill      XL: |  1  2  3  4 |
---------------+-------------+-----
Stealth        | 3 |  3.6
Dodging        | 3 |  3.4
Fighting       | 1 |  1.3
Short Blades   | 1 |  1.4
Spellcasting   | 4 |  4.1
Conjurations   | |  4.9

Action                   |  1- 3 |  4- 6 || total
-------------------------+-------+-------++-------
Melee: Short sword       |     5 |     1 ||     6
 Cast: Magic Dart        |    47 |    38 ||    85
       Searing Ray       |     5 |     4 ||     9
  Use: Potion            |     1 |       ||     1
Armor: Robe              |     2 |       ||     2
Dodge: Dodged            |    12 |     3 ||    15

Table legend: (Time is in decaauts)
 A = Elapsed time spent in this place.
 B = Non-inter-level travel time spent in this place.
 C = Inter-level travel time spent in this place.
 D = Time resting spent in this place.
 E = Time spent auto-exploring this place.
 F = Levels seen in this place.
 G = Mean time per level.
                   A        B        C        D        E       F      G
               +--------+--------+--------+--------+--------+-----+--------+
         Total |   2720 |   2694 |     26 |    381 |   2058 |   4 |  680.0 |
       Dungeon |   2720 |   2694 |     26 |    381 |   2058 |   4 |  680.0 |
               +--------+--------+--------+--------+--------+-----+--------+

Top non-repeatable levels by time:
     D:1: 1128 daAuts
     D:2: 909 daAuts
     D:3: 677 daAuts
     D:4: 5 daAuts
